 Dungeon Crawl Stone Soup version 0.30.1 (webtiles) character file.

Game seed: 7459021810041671677

739 Fodor the Covered (level 7, 0/62 HPs)
             Began as a Minotaur Fighter on July 10, 2023.
             Slain by a yak (13 damage)
             ... on level 5 of the Dungeon.
             The game lasted 00:18:11 (3512 turns).

Fodor the Covered (Minotaur Fighter)                Turns: 3512, Time: 00:18:12

Health: 0/62       AC:  9    Str: 22    XL:     7   Next: 46%
Magic:  6/6        EV: 10    Int:  5    God:
Gold:   236        SH:  4    Dex: 10    Spells: 6/6 levels left

rFire   . . .        z - +1 flail (venom)
rCold   . . .        c - +0 buckler
rNeg    . . .        b - +0 scale mail
rPois   +            (helmet restricted)
rElec   .            (no cloak)
rCorr   .            p - +0 pair of gloves
SInv    +            (no boots)
Will    .....        (no amulet) Stlth
                     h - ring of see invisible
HPRegen 0.30/turn    i - ring of poison resistance
MPRegen 0.10/turn

%: no passive effects
@: no status effects
A: horns 2, retaliatory headbutt
a: no special abilities


You were on level 5 of the Dungeon.
You visited 1 branch of the dungeon, and saw 5 of its levels.

You collected 236 gold pieces.

Inventory:

Hand Weapons
 x - a +0 great sword
 z - a +1 flail of venom (weapon)
Armour
 b - a +0 scale mail (worn)
 c - a +0 buckler (worn)
 p - a +0 pair of gloves (worn)
Jewellery
 h - a ring of see invisible (left hand)
 i - a ring of poison resistance (right hand)
 l - a ring of flight
 o - a ring of wizardry
Scrolls
 e - 4 scrolls of teleportation {unknown}
 f - 2 scrolls of magic mapping {unknown}
 g - a scroll of butterflies {unknown}
 j - a scroll of vulnerability {unknown}
 k - 2 scrolls of poison {unknown}
 n - 3 scrolls of identify {unknown}
 t - a scroll of amnesia {unknown}
 y - a scroll of fear {unknown}
Potions
 a - a potion of haste {unknown}
 d - a potion of might
 m - 2 potions of mutation {unknown}
 q - 6 potions of curing {unknown}
 s - a potion of lignification {unknown}
 u - a potion of flight {unknown}
 v - a potion of berserk rage {unknown}
 w - a potion of magic {unknown}


   Skills:
 + Level 5.8 Fighting
 + Level 4.9 Long Blades
 + Level 1.4 Maces & Flails
 + Level 2.3 Polearms
 + Level 6.4 Armour
 + Level 2.2 Dodging
 + Level 0.6 Stealth
 + Level 4.8 Shields


You had 6 spell levels left.
You didn't know any spells.
Your spell library contained the following spells:

 Spells                   Type           Power      Damage    Failure   Level
 Apportation              Tloc           0%         N/A       83%         1
 Foxfire                  Conj/Fire      0%         2x1d4     83%         1
 Necrotise                Necr           0%         1d4       83%         1
 Summon Small Mammal      Summ           0%         N/A       83%         1
 Lesser Beckoning         Tloc           0%         N/A       93%         2
 Gell's Gravitas          Tloc           0%         N/A       99%         3
 Teleport Other           Tloc           0%         N/A       99%         3
 Fireball                 Conj/Fire      0%         3d3       100%        5
 Plasma Beam              Fire/Air       0%         2x1d11    100%        6
 Starburst                Conj/Fire      0%         6d3       100%        6


Dungeon Overview and Level Annotations

Branches:
Dungeon (5/15)
 Temple: D:4-7

Altars:
Cheibriados
Dithmenos
Makhleb
Trog

Shops:
D:2 =


Innate Abilities, Weirdness & Mutations

You have a pair of horns on your head.
You reflexively headbutt those who attack you in melee.


Message History

Items here: ( )))) [[ ††.
Things that are here:
a +0 short sword; a +0 chain mail; an orc corpse The yak attacks as you move away!
The yak gores you! The yak attacks as you move away!
The yak closely misses you. You furiously retaliate!
You headbutt the yak, but do no damage. You sock the yak!
The yak is moderately wounded.
The yak gores you but does no damage.
You hit the yak.
The yak is poisoned.
The yak is moderately wounded.
The yak barely misses you. The yak gores you!
You hit the yak but do no damage.
The yak looks as sick as possible!
The yak is moderately wounded.
The yak gores you!
You thump the yak!
The yak looks as sick as possible!
The yak is severely wounded.
The yak gores you but does no damage.
You sock the yak!
The yak looks as sick as possible!
You headbutt the yak, but do no damage.
The yak is almost dead.
You kill the yak!
Your Maces & Flails skill increases to level 1!
Your Polearms skill increases to level 2!
You hit the yak but do no damage.
The yak is poisoned.
You hit the yak but do no damage.
The yak looks even sicker.
The yak is lightly wounded.
You block the yak's attack. The yak gores you but does no damage.
You hit the yak but do no damage.
The yak is lightly wounded.
The yak gores you!
* * * LOW HITPOINT WARNING * * *
You closely miss the yak.
The yak is moderately wounded.
The yak gores you but does no damage.
You barely miss the yak. Your headbutt misses the yak.
The yak is moderately wounded.
The yak closely misses you. You furiously retaliate!
You headbutt the yak. The yak gores you!
You die...

........####)...#####
.<....... #)##.#
........## #)# .#
........# #.# #
......... #Y#
....##### #Y# ....
#Y# #Y# #@# #.# #.#
#.# #.# #.# #.# #.#
#.#


You could see 4 yaks.

Vanquished Creatures
  A yak (D:5)
  A phantom (D:5)
  A necrophage (D:4)
  2 scorpions
  An orc priest (D:3)
  Jessica (D:2)
  An iguana (D:4)
  4 orc wizards
  A hound skeleton (D:4)
  3 gnolls (D:4)
  An adder (D:3)
  A white imp (D:5)
  3 worms (D:3)
  3 dart slugs
  16 orcs
  10 ball pythons
  5 bats
  7 endoplasms
  3 giant cockroaches
  4 goblins
  A hobgoblin (D:1)
  3 jackals (D:2)
  5 kobolds
  4 quokkas
  3 frilled lizards
  2 rats (D:1)
87 creatures vanquished.

Notes
Turn   | Place    | Note
-------+----------+-------------------------------------------
     0 | D:1      | Fodor the Minotaur Fighter began the quest for the Orb.
     0 | D:1      | Reached XP level 1. HP: 19/19 MP: 0/0
   369 | D:1      | Reached XP level 2. HP: 27/27 MP: 1/1
   778 | D:1      | Reached skill level 4 in Armour
   914 | D:1      | Found a faded altar of an unknown god.
  1071 | D:2      | Noticed Jessica
  1077 | D:2      | Killed Jessica
  1078 | D:2      | Reached XP level 3. HP: 19/33 MP: 2/2
  1398 | D:2      | Reached XP level 4. HP: 25/41 MP: 3/3
  1544 | D:2      | Found Ucogin's Jewellery Emporium.
  1940 | D:3      | Reached skill level 1 in Dodging
  1950 | D:3      | Noticed a scorpion
  2091 | D:3      | Killed a scorpion
  2092 | D:3      | Reached XP level 5. HP: 47/47 MP: 4/4
  2172 | D:3      | Reached skill level 5 in Armour
  2199 | D:3      | Found a bloodstained altar of Trog.
  2278 | D:3      | Found a snail-covered altar of Cheibriados.
  2470 | D:3      | Reached skill level 5 in Fighting
  2593 | D:4      | Reached XP level 6. HP: 46/56 MP: 5/5
  3081 | D:4      | Found a burning altar of Makhleb.
  3087 | D:4      | Reached skill level 1 in Polearms
  3132 | D:4      | Found a shadowy altar of Dithmenos.
  3270 | D:5      | Entered Level 5 of the Dungeon
  3282 | D:5      | Reached XP level 7. HP: 60/61 MP: 6/6
  3464 | D:5      | Reached skill level 6 in Armour
  3485 | D:5      | Noticed a yak
  3486 | D:5      | Noticed a yak
  3486 | D:5      | Noticed a yak
  3486 | D:5      | Noticed a yak
  3487 | D:5      | Noticed a yak
  3507 | D:5      | Killed a yak
  3508 | D:5      | Reached skill level 1 in Maces & Flails
  3512 | D:5      | Slain by a yak

Illustrated notes

Levels and vault maps discovered:
D:1:      dpeg_arrival_water_fire, layout_basic,
          hellmonk_ecumenical_altar_defaced_shrine,
          hangedman_abyss_or_decor_lesser_grid, hangedman_decor_push,
          minmay_misc_feat_more_columns
D:2:      layout_basic, serial_shops, nicolae_shop_just_a_little_nook,
          uniq_jessica
D:3:      layout_rooms, mainiacjoe_overflow_alcove_2, cheibriados_altar_1
D:4:      layout_rooms, makhleb_blood_cavern_becter,
          mainiacjoe_overflow_surrounded_room, dk_vineyard_1, minmay_door_square
D:5:      layout_basic

Skill      XL: |  1  2  3  4  5  6  7 |
---------------+----------------------+-----
Shields        | 4 |  4.8
Armour         | 4 5 6 |  6.4
Fighting       | 4 5 |  5.8
Long Blades    | 3 4 |  4.9
Dodging        | 1 2 |  2.2
Polearms       | 1 2 |  2.3
Maces & Flails | 1 |  1.4
Stealth        | |  0.6

Action                     |  1- 3 |  4- 6 |  7- 9 || total
---------------------------+-------+-------+-------++-------
  Melee: Long sword        |    56 |    61 |       ||   117
         Headbutt          |     9 |    18 |     4 ||    31
         Spear             |       |    67 |    10 ||    77
         Flail             |       |       |    30 ||    30
 Armour: Scale mail        |    38 |    57 |    17 ||   112
  Dodge: Dodged            |    34 |    76 |    19 ||   129
  Block: Buckler           |    12 |    19 |    12 ||    43
